 Dungeon Crawl Stone Soup version 0.30-a0-760-g5a9884bb7c (console) character file.

Game seed: 15132349772579438027

82429 jejorda2 the Phalangite (level 15, -7/190 HPs)
             Began as a Merfolk Berserker on Feb 11, 2023.
             Was a High Priest of Trog.
             Mangled by a skeletal warrior
             ... wielding a +0 war axe
              (17 damage)
             ... on level 15 of the Dungeon.
             The game lasted 01:02:47 (24820 turns).

jejorda2 the Phalangite (Merfolk Berserker)        Turns: 24820, Time: 01:02:47

Health: -7/190     AC: 20    Str: 28    XL:     15   Next: 73%
Magic:  15/15      EV: 17    Int:  6    God:    Trog [*****.]
Gold:   1328       SH:  0    Dex: 18    Spells: 14/14 levels left

rFire   + + .      SeeInvis .    a - +0 bardiche
rCold   . . .      Faith    .    (shield currently unavailable)
rNeg    . . .      Spirit   .    F - +3 chain mail {rF+}
rPois   +          Reflect  .    y - +2 helmet
rElec   .          Harm     .    l - +2 cloak
rCorr   .          Rampage  .    (no gloves)
Will    +....                    k - +0 pair of boots Stlth
                                 T - amulet of the acrobat
HPRegen 0.51/turn                p - ring of Goriq {rPois rF+ Str+3 Dex+4}
MPRegen 0.14/turn                s - +5 ring of evasion

@: berserking, slowed
A: (nimble swimmer 2), mertail
a: Renounce Religion, Berserk, Trog's Hand, Brothers in Arms


You were on level 15 of the Dungeon.
You worshipped Trog.
Trog was extremely pleased with you.
You visited 2 branches of the dungeon, and saw 20 of its levels.
You also visited: Ossuary and Bailey.

You collected 1328 gold pieces.

Inventory:

Hand Weapons
 a - a +0 bardiche (weapon)
 b - the +1 halberd "Wihish" {flame, Dex+3}
   (Trog gifted it to you on level 14 of the Dungeon)

   Dex:       It affects your dexterity (+3).
Missiles
 c - 120 stones
 n - 18 boomerangs
 w - 48 poisoned darts (quivered)
 E - 2 throwing nets
 I - 3 curare-tipped darts
 L - 4 silver javelins
 Q - 10 atropa-tipped darts
 S - 6 silver boomerangs
Armour
 k - a +0 pair of boots (worn)
 l - a +2 cloak (worn)
 y - a +2 helmet (worn)
 F - a +3 chain mail of fire resistance (worn)
Jewellery
 f - a ring of ice
 o - a ring of fire
 p - the ring of Goriq (left hand) {rPois rF+ Str+3 Dex+4}
   (You acquired it in a bailey)

   [ring of protection from fire]

   Str:       It affects your strength (+3).
   Dex:       It affects your dexterity (+4).
   rF:        It protects you from fire.
   rPois:     It protects you from poison.
 r - a ring of resist corrosion
 s - a +5 ring of evasion (right hand)
 T - an amulet of the acrobat (around neck)
Wands
 e - a wand of polymorph (5)
 j - a wand of iceblast (9)
 x - a wand of paralysis (7)
 J - a wand of flame (48)
 K - a wand of light (7)
 M - a wand of digging (9)
 W - a wand of mindburst (6)
Scrolls
 q - 5 scrolls of teleportation
 t - 4 scrolls of fear
 u - a scroll of immolation
 z - 6 scrolls of enchant armour
 C - 4 scrolls of fog
 D - a scroll of enchant weapon
 N - a scroll of blinking
 P - a scroll of magic mapping
 U - a scroll of poison
Potions
 d - 5 potions of heal wounds
 g - 2 potions of attraction
 h - 4 potions of lignification
 i - 2 potions of haste
 m - 19 potions of curing
 A - 3 potions of might
 B - 4 potions of flight
 G - 2 potions of berserk rage
 H - 2 potions of resistance
 O - 2 potions of invisibility
 R - a potion of ambrosia
 V - a potion of mutation {unknown}
Miscellaneous
 v - a tin of tremorstones (2/2)


   Skills:
 + Level 14.6 Fighting
 * Level 23.5 Polearms
 - Level 12.0 Throwing
 - Level 6.0 Armour
 - Level 6.0 Dodging
 - Level 6.0 Evocations


You had 14 spell levels left.
You didn't know any spells.
Your spell library was empty.

Dungeon Overview and Level Annotations

Branches:
Dungeon (15/15)            Temple (0/1) D:6            Lair (5/5) D:10
  Swamp (0/4) Lair:3        Snake (0/4) Lair:3        Slime (0/5) Lair:5
    Orc (0/2) D:10         Vaults (0/5) D:13         Depths (0/4) D:15
Ossuary (visited)          Bailey (visited)

Altars:
Ashenzari
Elyvilon
Sif Muna
Uskayaw
Wu Jian
Xom

Shops:
D:4 **

Annotations:
Lair:5 2 transporters, AzureAlchemist's ghost, journeyman DgEE


Innate Abilities, Weirdness & Mutations

((You are very nimble when in or above water. (Stealth+, EV+, Speed+++)))
Your lower body shifts to a powerful aquatic tail in water.


Message History

You barely miss the skeletal warrior.
The skeletal warrior is heavily damaged.
The skeletal warrior hits you with a +0 war axe!
The skeletal warrior hits you with a +0 scimitar!
You are too injured to fight recklessly!
You are too injured to fight recklessly!
A red film seems to cover your vision as you go berserk!
You feel yourself moving faster!
You feel mighty!
The skeletal warrior hits you but does no damage.
The skeletal warrior hits you with a +0 scimitar!
* * * LOW HITPOINT WARNING * * *
You slash the skeletal warrior!
The skeletal warrior is severely damaged.
The skeletal warrior hits you but does no damage.
The skeletal warrior hits you with a +0 scimitar.
* * * LOW HITPOINT WARNING * * *
You slice the skeletal warrior!!
The skeletal warrior is almost destroyed.
The skeletal warrior hits you but does no damage.
The skeletal warrior hits you with a +0 scimitar!
* * * LOW HITPOINT WARNING * * *
You closely miss the skeletal warrior.
The skeletal warrior is almost destroyed.
You hit the skeletal warrior but do no damage.
The skeletal warrior is almost destroyed.
The skeletal warrior closely misses you.
The skeletal warrior hits you with a +0 scimitar.
* * * LOW HITPOINT WARNING * * *
You closely miss the skeletal warrior.
The skeletal warrior is almost destroyed.
The skeletal warrior hits you with a +0 war axe!
* * * LOW HITPOINT WARNING * * *
The skeletal warrior hits you with a +0 scimitar.
* * * LOW HITPOINT WARNING * * *
You hit the skeletal warrior but do no damage.
The skeletal warrior is almost destroyed.
You closely miss the skeletal warrior.
The skeletal warrior is almost destroyed.
The skeletal warrior hits you with a +0 war axe!
You die...

^..............
................
^...(...........
................
......(.........
..^....†........
.^......zz/.....
.^.....@..#
##........#
#........#
#........#
###........#
#..........###
##.###..###...#
##.....P.....#.##
#..P.........8..#


You could see 2 skeletal warriors.

Vanquished Creatures
  Gastronok (Lair:1)
  Frances (D:14)
  A fire giant (D:14)
  The ghost of Onucvo the Cleaver, a journeyman FoFi of Okawaru (D:14)
  An ettin (D:14)
  A fire dragon (D:14)
  A vault guard (D:13)
  Harold (Lair:1)
  A catoblepas (Lair:1)
  5 centaur warriors
  9 hydras
  2 two-headed ogres (D:11)
  2 tengu warriors
  4 boulder beetles
  9 death yaks
  Urug (Lair:2)
  Sonja (Lair:2)
  A titan skeleton (D:15)
  5 skeletal warriors
  Amaemon (Lair:1)
  A skyshark (Lair:5)
  2 flayed ghosts
  Pikel (D:9)
  A necromancer (D:15)
  A fire giant zombie (D:15)
  An oklob plant (Lair:3)
  8 ugly things
  3 manticores
  3 cyclopes
  6 black mambas
  A gargoyle (D:13)
  Joseph (D:9)
  13 cane toads
  A yaktaur (shapeshifter) (D:14)
  2 torpor snails (Lair:2)
  An orange demon (Lair:1)
  An unseen horror (D:12)
  5 rime drakes
  8 komodo dragons
  4 kobold demonologists
  A cane toad (shapeshifter) (D:10)
  A komodo dragon (shapeshifter) (D:13)
  2 freezing wraiths
  5 trolls
  6 hornets
  5 polar bears
  Prince Ribbit (D:8)
  14 blink frogs
  Grinder (D:6)
  7 dream sheep (Lair:2)
  Sigmund (D:5)
  3 slime creatures (D:13)
  Eustachio (D:4)
  2 shadows
  13 spriggans (Lair:5)
  4 wraiths
  3 wyverns
  24 yaks
  2 basilisks
  2 steam dragons
  9 vampire mosquitoes
  Menkaure (D:4)
  A two-headed ogre zombie (D:10)
  A naga (Lair:3)
  An acid dragon (D:9)
  2 wargs (D:10)
  10 water moccasins
  9 orc warriors
  A sky beast (D:7)
  5 black bears
  30 wolves
  2 ogres (D:5)
  4 boggarts (Lair:5)
  13 centaurs
  2 lemures (D:9)
  A phantom (D:10)
  4 kobold brigands
  9 bullfrogs
  A necrophage (D:7)
  3 scorpions
  A gnoll sergeant (D:13)
  8 wights
  A troll zombie (D:10)
  5 killer bees (D:7)
  9 howler monkeys
  4 electric eels
  A lava snake (D:12)
  6 orc priests
  A gnoll bouda (D:8)
  3 hounds
  3 jellies
  An iguana (D:6)
  13 orc wizards
  A boggart zombie (D:15)
  4 hell rats (Lair:1)
  5 ogre zombies (D:10)
  13 mummies (Ossuary)
  14 gnolls
  5 adders
  A shadow imp (D:6)
  2 white imps
  2 worms
  4 dart slugs
  64 orcs
  6 bats
  9 endoplasms
  2 giant cockroaches (D:1)
  10 goblins
  6 hobgoblins
  2 jackals (D:1)
  5 quokkas
  3 ball pythons
  3 frilled lizards
  3 gnoll skeletons (Ossuary)
  4 goblin skeletons
  A goblin zombie (D:10)
  2 hobgoblin zombies (D:10)
  26 kobolds
  A kobold skeleton (Ossuary)
  6 orc skeletons
  14 orc zombies (D:10)
  6 rats
  11 rat skeletons (Ossuary)
611 creatures vanquished.

Vanquished Creatures (collateral kills)
  A death yak (Lair:3)
  A skeletal warrior (D:15)
  An orc knight (Bailey)
  A golden dragon skeleton (D:15)
  A stone giant zombie (D:15)
  4 yaks (D:10)
  5 electric eels (Lair:3)
  An ogre zombie (D:10)
  2 orcs
  2 goblins (D:10)
  A goblin zombie (D:10)
  An orc zombie (D:10)
21 creatures vanquished.

Vanquished Creatures (others)
  20 fungi
  28 plants
48 creatures vanquished.

Grand Total: 680 creatures vanquished

Notes
Turn   | Place    | Note
-------+----------+-------------------------------------------
     0 | D:1      | jejorda2 the Merfolk Berserker began the quest for the Orb.
     0 | D:1      | Reached XP level 1. HP: 18/18 MP: 1/1
   156 | D:1      | Reached XP level 2. HP: 24/24 MP: 2/2
   359 | D:1      | Reached XP level 3. HP: 27/29 MP: 3/3
  1073 | D:2      | Reached skill level 5 in Polearms
  1138 | D:2      | Reached XP level 4. HP: 37/37 MP: 4/4
  1199 | D:2      | Reached ** piety under Trog
  1956 | D:3      | Identified the +1 robe of Protective Custody {+Blink Regen+
                  | Str-2}
  2163 | D:3      | Reached skill level 6 in Polearms
  2163 | D:3      | Reached XP level 5. HP: 42/42 MP: 5/5
  2227 | D:3      | Found a faded altar of an unknown god.
  2707 | D:4      | Reached XP level 6. HP: 45/49 MP: 6/6
  2808 | D:4      | Noticed Menkaure
  2814 | D:4      | Killed Menkaure
  2815 | D:4      | Reached skill level 7 in Polearms
  2815 | D:4      | Reached skill level 5 in Dodging
  3084 | D:4      | Reached skill level 5 in Fighting
  3172 | D:4      | Reached XP level 7. HP: 53/56 MP: 7/7
  3248 | D:4      | Found Epeo's Specific Store.
  3251 | D:4      | Found Wutreihu's General Store.
  3415 | D:4      | Noticed Eustachio
  3468 | D:4      | Killed Eustachio
  3469 | D:4      | Reached skill level 8 in Polearms
  3633 | D:5      | Entered Level 5 of the Dungeon
  3748 | D:5      | Noticed Sigmund
  3755 | D:5      | Killed Sigmund
  3841 | D:5      | Reached skill level 9 in Polearms
  3841 | D:5      | Reached XP level 8. HP: 64/64 MP: 8/8
  4384 | D:5      | Reached skill level 10 in Polearms
  4824 | D:6      | Found a staircase to the Ecumenical Temple.
  4840 | D:6      | Found a sand-covered staircase.
  4849 | Ossuary  | Entered an ossuary
  5081 | Ossuary  | Reached *** piety under Trog
  5420 | D:6      | Noticed Grinder
  5425 | D:6      | Killed Grinder
  5426 | D:6      | Reached skill level 11 in Polearms
  5476 | D:6      | Found a white marble altar of Elyvilon.
  5532 | D:6      | Reached XP level 9. HP: 71/71 MP: 9/9
  5944 | D:7      | Noticed a troll
  5953 | D:7      | Killed a troll
  5954 | D:7      | Reached skill level 12 in Polearms
  6705 | D:7      | Reached **** piety under Trog
  6790 | D:7      | Reached skill level 13 in Polearms
  6961 | D:8      | Noticed Prince Ribbit
  6972 | D:8      | Killed Prince Ribbit
  6973 | D:8      | Reached XP level 10. HP: 68/80 MP: 10/10
  7693 | D:9      | Reached skill level 14 in Polearms
  8240 | D:9      | Noticed Pikel
  8248 | D:9      | Noticed Joseph
  8251 | D:9      | Killed Pikel
  8259 | D:9      | Killed Joseph
  8566 | D:10     | Entered Level 10 of the Dungeon
  8578 | D:10     | Noticed a kobold demonologist
  8581 | D:10     | Noticed a smoke demon
  8591 | D:10     | Killed a kobold demonologist
  8592 | D:10     | Reached skill level 5 in Armour
  8623 | D:10     | Found a broken altar of Ashenzari.
  8633 | D:10     | Found a flagged portal.
  8654 | Bailey   | Entered a bailey
  8754 | Bailey   | Reached skill level 15 in Polearms
  9186 | Bailey   | Acquired the ring of Goriq {rPois rF+ Str+3 Dex+4}
  9194 | Bailey   | Noticed an orc knight
  9197 | Bailey   | Killed an orc knight
  9198 | Bailey   | Reached XP level 11. HP: 90/90 MP: 11/11
  9301 | D:10     | Reached skill level 10 in Fighting
  9301 | D:10     | Reached skill level 16 in Polearms
  9804 | D:10     | Identified the +6 war axe of the Ancient Friars {protect,
                  | rF+ rCorr Int-5}
  9829 | D:10     | Found a staircase to the Orcish Mines.
  9837 | D:10     | Reached ***** piety under Trog
  9838 | D:10     | Reached skill level 1 in Throwing
  9895 | D:10     | Found a staircase to the Lair.
 10206 | Lair:1   | Entered Level 1 of the Lair of Beasts
 10366 | Lair:1   | Noticed a boulder beetle
 10371 | Lair:1   | Killed a boulder beetle
 10372 | Lair:1   | Reached skill level 17 in Polearms
 10480 | Lair:1   | Noticed Gastronok
 10500 | Lair:1   | Killed Gastronok
 10705 | Lair:1   | Noticed a catoblepas
 10720 | Lair:1   | Killed a catoblepas
 10886 | Lair:1   | Reached XP level 12. HP: 75/100 MP: 12/12
 10988 | Lair:1   | Noticed Harold
 10997 | Lair:1   | Killed Harold
 11137 | Lair:1   | Noticed Amaemon
 11157 | Lair:1   | Killed Amaemon
 11894 | Lair:2   | Noticed Sonja
 11911 | Lair:2   | Killed Sonja
 11912 | Lair:2   | Reached skill level 1 in Evocations
 12029 | Lair:2   | Reached skill level 5 in Throwing
 12121 | Lair:2   | Noticed a death yak
 12133 | Lair:2   | Killed a death yak
 12225 | Lair:2   | Reached skill level 18 in Polearms
 12379 | Lair:2   | Noticed a four-headed hydra
 12387 | Lair:2   | Killed a four-headed hydra
 12451 | Lair:2   | Noticed a death yak
 12456 | Lair:2   | Killed a death yak
 12834 | Lair:2   | Noticed Urug
 12852 | Lair:2   | Killed Urug
 13270 | Lair:2   | Reached XP level 13. HP: 108/108 MP: 13/13
 13510 | Lair:3   | Found a staircase to the Swamp.
 13789 | Lair:3   | Reached skill level 5 in Evocations
 14469 | Lair:3   | Reached skill level 19 in Polearms
 14538 | Lair:3   | Found a staircase to the Snake Pit.
 14893 | Lair:3   | HP: 7/162 [death yak (18)]
 16308 | Lair:4   | Found an ornate altar of the Wu Jian Council.
 16612 | Lair:5   | Entered Level 5 of the Lair of Beasts
 16634 | Lair:5   | Reached skill level 20 in Polearms
 17170 | Lair:5   | Found a staircase to the Slime Pits.
 17191 | Lair:4   | Reached XP level 14. HP: 99/115 MP: 14/14
 17477 | Lair:5   | Reached skill level 10 in Throwing
 17784 | Lair:5   | Found a transporter.
 17897 | Lair:5   | Noticed AzureAlchemist's ghost (journeyman DgEE)
 17915 | Lair:5   | Found a transporter.
 18361 | Lair:5   | Reached skill level 21 in Polearms
 18554 | Lair:5   | Identified the +5 long sword of Zialoli {freeze, +Blink}
 19748 | D:11     | Received a gift from Trog
 20699 | D:12     | You fall into a shaft and drop 1 floor!
 20856 | D:13     | Found a gate to the Vaults.
 21853 | D:12     | Found a hide-covered altar of Uskayaw.
 22293 | D:13     | Reached skill level 22 in Polearms
 22293 | D:13     | Reached XP level 15. HP: 14/124 MP: 15/15
 23187 | D:14     | Found a shimmering blue altar of Sif Muna.
 23408 | D:14     | Noticed Frances
 23428 | D:14     | Killed Frances
 23599 | D:14     | Identified the +1 halberd "Wihish" {flame, Dex+3} (Trog
                  | gifted it to you on level 14 of the Dungeon)
 23599 | D:14     | Received a gift from Trog
 23797 | D:14     | Found a shimmering altar of Xom.
 24141 | D:14     | Found a transporter.
 24144 | D:14     | Noticed Onucvo's ghost (journeyman FoFi)
 24146 | D:14     | Noticed a fire giant
 24150 | D:14     | Found a transporter.
 24331 | D:14     | Killed a fire giant
 24331 | D:14     | Killed Onucvo's ghost
 24332 | D:14     | Reached skill level 23 in Polearms
 24450 | D:15     | Entered Level 15 of the Dungeon
 24499 | D:15     | Found a staircase to the Depths.
 24533 | D:15     | HP: 5/122 [skeletal warrior/+2 hand axe (8)]
 24818 | D:15     | HP: 9/190 [skeletal warrior/+0 scimitar (2)]
 24820 | D:15     | Mangled by a skeletal warrior

Illustrated notes

Levels and vault maps discovered:
D:1:      wheals_arrival_linesprint, layout_loops_ring
D:2:      wander_river, layout_rooms
D:3:      layout_basic, serial_co_window_serial, co_window_paths_a,
          co_window_corner_a, co_window_paths_a, co_window_paths_b,
          co_window_of_opportunity_a, co_window_unsneaky_path_c,
          co_window_of_opportunity_c, co_window_broadway_a,
          co_window_broadway_a, co_window_broadway_b, glass_columns_a,
          glass_columns_b, glass_columns_a, glass_columns_b,
          shapermc_ecumenical_altar_totnotflames
D:4:      layout_loops_ring, nicolae_specific_store, uniq_menkaure,
          uniq_eustachio
D:5:      layout_gridville, uniq_sigmund
D:6:      layout_gridville, elyvilon_altar_3, minmay_temple_entry_proselytizer,
          nicolae_ossuary_entry_monument, chequers_serial_rivers_marsh,
          uniq_grinder
D:7:      layout_basic
D:8:      layout_basic, st_stairs_8, chequers_mini_garden, uniq_prince_ribbit1
D:9:      layout_irregular_city, uniq_joseph, uniq_pikel
D:10:     layout_basic, nicolae_ashenzari_skybound, erik_lair_orcish_takeover,
          zombieorc2_lemuel, lightli_bailey_entry_fortress
D:11:     nicolae_cairo_tiling_large, layout_basic
D:12:     layout_long_grid, nicolae_uskayaw_suspiria
D:13:     layout_loops_ring, david_vaults_5
D:14:     layout_gridville, lemuel_round_altar, gammafunk_ghost_arena,
          brannock_xom_greatest_gift, uniq_frances
D:15:     gammafunk_depths_entry_grave, layout_basic, lemuel_round_altar,
          serial_undead, serial_undead_d, serial_undead_e, serial_undead_d,
          serial_undead_a, serial_undead_a, serial_undead_e,
          gammafunk_ghost_tricky_traps
Lair:1:   layout_roguey, uniq_harold, uniq_gastronok, uniq_amaemon
Lair:2:   nzn_winding_woodlands_medium [nzn_winding_woodlands_5x5_three,
          nzn_winding_woodlands_5x15_pockets,
          nzn_winding_woodlands_5x5_closed_star,
          nzn_winding_woodlands_5x5_open_star,
          nzn_winding_woodlands_center_lodge, nzn_winding_woodlands_5x5_default,
          nzn_winding_woodlands_5x5_default, nzn_winding_woodlands_5x15_crooked,
          nzn_winding_woodlands_5x5_cross], layout_layer_cave,
          serial_bayou_lagoon_a, dreamdust_mushroom_princess, minmay_holes,
          small_statue_intersection, serial_bayou_shore_a, uniq_urug, uniq_sonja
Lair:3:   layout_cave_shapes, minmay_swamp_entry_eels,
          guppyfry_snake_entry_garden, beast_lair_carwin_11
Lair:4:   layout_regular_city, basic_altar
Lair:5:   minmay_lair_end_enchanted_forest, layout_misc_corridors,
          slime_entry_1, gammafunk_ghost_arena, infiniplex_staircase_pool_2

Skill      XL: |  1  2  3  4  5  6  7  8  9 10 11 12 13 14 15 |
---------------+----------------------------------------------+-----
Dodging        | 3 4 5 6 |  6.0
Polearms       | 5 6 7 9 11 13 15 17 18 20 22 23 | 23.5
Fighting       | 4 5 6 8 9 11 12 13 14 | 14.6
Armour         | 2 4 5 6 |  6.0
Throwing       | 3 6 9 11 12 | 12.0
Evocations     | 4 6 |  6.0

Action                     |  1- 3 |  4- 6 |  7- 9 | 10-12 | 13-15 || total
---------------------------+-------+-------+-------+-------+-------++-------
  Melee: Spear             |   101 |     2 |       |       |       ||   103
         Tailslap          |     1 |     1 |       |     4 |       ||     6
         Halberd           |       |   210 |   344 |   213 |     3 ||   770
         Bardiche          |       |       |       |   344 |   927 ||  1271
         Trident           |       |       |       |     6 |    55 ||    61
         Punch             |       |       |       |       |     1 ||     1
  Throw: Stone             |     2 |       |     5 |    15 |       ||    22
         Dart              |       |       |       |     6 |    10 ||    16
         Boomerang         |       |       |       |     6 |    36 ||    42
         Throwing net      |       |       |       |       |     1 ||     1
 Invoke: Berserk           |     1 |     2 |     5 |    12 |    20 ||    40
         Trog's Hand       |       |     1 |     4 |     7 |     9 ||    21
         Brothers in Arms  |       |       |       |     4 |     1 ||     5
  Evoke: Wand              |       |       |       |     1 |     3 ||     4
    Use: Scroll            |       |       |    19 |     6 |    13 ||    38
         Potion            |       |       |       |       |     3 ||     3
   Stab: Distracted        |       |       |       |       |     1 ||     1
 Armour: Animal skin       |     1 |       |       |       |       ||     1
         Chain mail        |    21 |   114 |    78 |    98 |   438 ||   749
         Leather armour    |       |       |       |    19 |       ||    19
         Plate armour      |       |       |       |    65 |       ||    65
  Dodge: Dodged            |    21 |    88 |   174 |   379 |   800 ||  1462

Table legend: (Time is in decaauts)
 A = Elapsed time spent in this place.
 B = Non-inter-level travel time spent in this place.
 C = Inter-level travel time spent in this place.
 D = Time resting spent in this place.
 E = Time spent auto-exploring this place.
 F = Levels seen in this place.
 G = Mean time per level.
                   A        B        C        D        E       F      G
               +--------+--------+--------+--------+--------+-----+--------+
         Total |  24868 |  23691 |   1177 |   3875 |  15638 |  22 | 1130.4 |
       Dungeon |  14584 |  13798 |    786 |   1620 |   9655 |  15 |  972.3 |
          Lair |   9171 |   8781 |    390 |   1985 |   5448 |   5 | 1834.2 |
       Ossuary |    514 |    514 |      0 |      0 |    381 |   1 |  514.0 |
        Bailey |    598 |    598 |      0 |    269 |    154 |   1 |  598.0 |
               +--------+--------+--------+--------+--------+-----+--------+

Top non-repeatable levels by time:
  Lair:2: 2746 daAuts
  Lair:4: 1925 daAuts
  Lair:5: 1780 daAuts
  Lair:3: 1392 daAuts
    D:11: 1337 daAuts
  Lair:1: 1327 daAuts
    D:14: 1290 daAuts
    D:13: 1271 daAuts
     D:5: 1186 daAuts
    D:12: 1159 daAuts
     D:4: 1134 daAuts
    D:10: 1063 daAuts
     D:1: 1056 daAuts
     D:7: 982 daAuts
     D:3: 917 daAuts
